 Dungeon Crawl Stone Soup version 0.28.0 (webtiles) character file.

Game seed: 17329612617263888937

1940 Ablot the Magician (level 9, -1/69 HPs)
             Began as a Gnoll Warper on Feb 17, 2022.
             Was an Initiate of Okawaru.
             Slain by an ogre (28 damage)
             ... on level 6 of the Dungeon.
             The game lasted 00:17:10 (8894 turns).

Ablot the Magician (Gnoll Warper)                   Turns: 8894, Time: 00:17:10

Health: -1/69      AC:  6    Str: 21    XL:     9   Next: 18%
Magic:  18/18      EV: 13    Int: 13    God:    Okawaru [......]
Gold:   248        SH:  0    Dex: 11    Spells: 18/20 levels left

rFire   . . .      SeeInvis .   e - +1 whip (elec)
rCold   . . .      Faith    .   (no shield)
rNeg    . . .      Spirit   .   b - +0 leather armour
rPois   .          Reflect  .   (no helmet)
rElec   .          Harm     .   n - scarf {+Inv}
rCorr   .          Rampage  .   x - +0 pair of gloves
Will    .....                   q - +0 pair of boots {Fly}
Stlth   ++........              (no amulet)
HPRegen 0.21/turn               f - +6 ring of strength
MPRegen 0.16/turn               (no ring)

@: flying
A: fangs 1, strong nose, distributed training
a: Renounce Religion, Evoke Invisibility


You were on level 6 of the Dungeon.
You worshipped Okawaru.
Okawaru was noncommittal.
You visited 2 branches of the dungeon, and saw 7 of its levels.
You also visited: Ossuary.

You collected 248 gold pieces.

Inventory:

Hand Weapons
 a - a +0 spear
 e - a +1 whip of electrocution (weapon)
Missiles
 d - 5 boomerangs of dispersal
 j - 55 bolts
 o - 179 stones
 r - 54 sling bullets
 v - 2 poisoned darts
 y - 95 arrows
 B - 2 boomerangs
Armour
 b - a +0 leather armour (worn)
 n - a scarf of invisibility (worn)
 q - a +0 pair of boots of flying (worn)
 x - a +0 pair of gloves (worn)
Jewellery
 f - a +6 ring of strength (left hand)
 H - an amulet of faith
Wands
 t - a wand of iceblast (8) (quivered)
 A - a wand of paralysis (6)
Scrolls
 c - 2 scrolls of blinking
 g - a scroll of amnesia {unknown}
 m - 6 scrolls of teleportation
 p - a scroll of enchant armour {unknown}
 u - 5 scrolls of identify {unknown}
 C - a scroll of holy word {unknown}
 G - a scroll of noise {unknown}
 J - a scroll of immolation {unknown}
Potions
 h - 4 potions of curing {unknown}
 i - a potion of magic {unknown}
 k - 4 potions of degeneration {unknown}
 l - a potion of cancellation {unknown}
 s - 2 potions of lignification {unknown}
 w - a potion of attraction {unknown}
 z - a potion of invisibility {unknown}
 D - 3 potions of brilliance {unknown}
 E - 3 potions of haste {unknown}
 F - a potion of might {unknown}
 I - a potion of resistance {unknown}


   Skills:
 + Level 6.1 Fighting
 + Level 4.0 Short Blades
 + Level 4.0 Long Blades
 + Level 4.0 Axes
 + Level 4.0 Maces & Flails
 + Level 6.1 Polearms
 + Level 4.0 Staves
 + Level 4.0 Slings
 + Level 4.0 Bows
 + Level 4.0 Crossbows
 + Level 4.8 Throwing
 + Level 4.8 Armour
 + Level 6.1 Dodging
 + Level 4.0 Stealth
 + Level 4.0 Shields
 + Level 4.0 Unarmed Combat
 + Level 6.4 Spellcasting
 + Level 3.2 Conjurations
 + Level 3.2 Hexes
 + Level 3.2 Summonings
 + Level 3.2 Necromancy
 + Level 6.4 Translocations
 + Level 3.2 Transmutations
 + Level 3.2 Fire Magic
 + Level 3.2 Ice Magic
 + Level 3.2 Air Magic
 + Level 3.2 Earth Magic
 + Level 3.2 Poison Magic
 + Level 4.4 Invocations
 + Level 4.0 Evocations


You had 18 spell levels left.
You knew the following spells:

 Your Spells              Type           Power      Damage    Failure   Level
a - Blink                 Tloc           40%        N/A       1%          2

Your spell library contained the following spells:

 Spells                   Type           Power      Damage    Failure   Level
 Gell's Gravitas          Tloc           20%        N/A       4%          3
 Lesser Beckoning         Tloc           20%        N/A       4%          3
 Teleport Other           Tloc           20%        N/A       4%          3
 Static Discharge         Conj/Air       12%        N/A       8%          2
 Conjure Flame            Conj/Fire      12%        6-21      14%         3
 Ignite Poison            Fire/Tmut/Pois 12%        N/A       14%         3
 Manifold Assault         Tloc           20%        N/A       36%         5
 Dispel Undead            Necr           12%        3d9       43%         4
 Sticky Flame             Conj/Fire      12%        2d4       43%         4


Dungeon Overview and Level Annotations

Branches:
Dungeon (6/15)             Temple (1/1) D:5         Ossuary (visited)

Altars:
Ashenzari
Cheibriados
Dithmenos
Elyvilon
Fedhas
Gozag
Kikubaaqudgha
Makhleb
Nemelex Xobeh
Okawaru
Ru
Sif Muna
Trog
Uskayaw
Vehumet
Wu Jian
Xom
Yredelemnul
Zin
The Shining One

Shops:
D:1 [

Portals:
Abyss: D:3

Annotations:
D:3 2 transporters, Miritol's ghost, amateur KoBr


Innate Abilities, Weirdness & Mutations

You have very sharp teeth.
Your uncanny sense of smell can sniff out nearby items.
Your experience applies equally to all skills.


Message History

The necrophage completely misses you.
You barely miss the necrophage.
The necrophage is severely damaged.
The necrophage misses you.
You hit the necrophage.
The necrophage is severely damaged.
The necrophage hits you.
You hit the necrophage. You bite the necrophage.
You destroy the necrophage!
Okawaru accepts your kill.
Your Short Blades skill increases to level 4!
Your Long Blades skill increases to level 4!
Your Axes skill increases to level 4!
Your Maces & Flails skill increases to level 4!
Your Staves skill increases to level 4!
Your Slings skill increases to level 4!
Your Bows skill increases to level 4!
Your Crossbows skill increases to level 4!
Your Stealth skill increases to level 4!
Your Shields skill increases to level 4!
Your Unarmed Combat skill increases to level 4!
Your Evocations skill increases to level 4!
You now have 248 gold pieces (gained 12).
An ogre comes into view. It is wielding a +0 giant spiked club.
The ogre shouts!
The ogre hits you with a +0 giant spiked club!
You hit the ogre.
The ogre is lightly wounded.
The ogre hits you with a +0 giant spiked club!!
You are too injured to fight recklessly!
You are too injured to fight recklessly!
You are too injured to fight recklessly!
You barely miss the ogre.
The ogre is lightly wounded.
The ogre closely misses you.
You hit the ogre but do no damage. Lightning courses through the ogre!
The ogre is heavily wounded.
You hit the ogre.
The ogre is heavily wounded.
The ogre hits you with a +0 giant spiked club!!
You die...

#..............^# §
#...............# §#
#.............<.# ####.#
####..............##
.....#
#..........##.....##
...###.>.........########
.......#.........#
....####.........# ....#
#.......?@# ....#
###.#####.O.# ....# #.
###.# ....###### .#
.......... # ....#.....
....##.... .......###
.....###


You could see an ogre.

Vanquished Creatures
  Sigmund (D:3)
  Edmund (D:5)
  A sky beast (D:5)
  A necrophage (D:6)
  3 ice beasts
  2 phantoms
  2 scorpions
  3 water moccasin zombies (Ossuary)
  2 water moccasin skeletons
  A jelly (D:4)
  A bullfrog skeleton (D:6)
  2 hounds
  2 orc priests
  Natasha (thrice) (D:2)
  2 orc wizards (D:5)
  3 iguanas
  A hound skeleton (D:5)
  3 mummies
  4 gnolls (D:3)
  4 adders
  An ufetubus (D:4)
  4 adder zombies (Ossuary)
  A worm (D:2)
  6 dart slugs
  17 orcs
  9 ball pythons
  9 endoplasms
  A giant cockroach (D:4)
  8 goblins
  6 hobgoblins
  8 jackals
  8 quokkas
  4 bats
  6 frilled lizards
  2 gnoll zombies (Ossuary)
  4 hobgoblin zombies (Ossuary)
  7 kobolds
  8 kobold zombies (Ossuary)
  5 orc zombies (Ossuary)
  3 rats (D:1)
159 creatures vanquished.

Vanquished Creatures (others)
  A fungus (D:1)
  51 plants
52 creatures vanquished.

Grand Total: 211 creatures vanquished

Notes
Turn   | Place    | Note
-------+----------+-------------------------------------------
     0 | D:1      | Ablot the Gnoll Warper began the quest for the Orb.
     0 | D:1      | Reached XP level 1. HP: 20/20 MP: 6/6
   366 | D:1      | Reached XP level 2. HP: 25/26 MP: 7/7
   369 | D:1      | Learned a level 2 spell: Blink
   478 | D:1      | Found Moirepp's Armour Shoppe.
   578 | D:1      | Found a faded altar of an unknown god.
   663 | D:1      | Reached XP level 3. HP: 31/31 MP: 9/9
   668 | D:1      | Reached skill level 5 in Spellcasting
  1474 | D:2      | Reached skill level 1 in Invocations
  1874 | D:2      | Reached skill level 1 in Short Blades
  1874 | D:2      | Reached skill level 1 in Long Blades
  1874 | D:2      | Reached skill level 1 in Axes
  1874 | D:2      | Reached skill level 1 in Maces & Flails
  1874 | D:2      | Reached skill level 1 in Staves
  1874 | D:2      | Reached skill level 1 in Slings
  1874 | D:2      | Reached skill level 1 in Bows
  1874 | D:2      | Reached skill level 1 in Crossbows
  1874 | D:2      | Reached skill level 1 in Stealth
  1874 | D:2      | Reached skill level 1 in Shields
  1874 | D:2      | Reached skill level 1 in Unarmed Combat
  1874 | D:2      | Reached skill level 1 in Evocations
  2233 | D:2      | Reached XP level 4. HP: 37/38 MP: 11/11
  2472 | D:2      | Noticed Natasha
  2485 | D:2      | Killed Natasha
  2486 | D:2      | Reached skill level 1 in Conjurations
  2486 | D:2      | Reached skill level 1 in Hexes
  2486 | D:2      | Reached skill level 1 in Summonings
  2486 | D:2      | Reached skill level 1 in Necromancy
  2486 | D:2      | Reached skill level 1 in Transmutations
  2486 | D:2      | Reached skill level 1 in Fire Magic
  2486 | D:2      | Reached skill level 1 in Ice Magic
  2486 | D:2      | Reached skill level 1 in Air Magic
  2486 | D:2      | Reached skill level 1 in Earth Magic
  2486 | D:2      | Reached skill level 1 in Poison Magic
  2860 | D:2      | Noticed Natasha
  2869 | D:2      | Killed Natasha
  2870 | D:2      | Reached XP level 5. HP: 43/43 MP: 12/12
  3037 | D:2      | Noticed Natasha
  3056 | D:2      | Killed Natasha
  3216 | D:3      | Found a radiant altar of Vehumet.
  3369 | D:3      | Found a transporter.
  3373 | D:3      | Found a transporter.
  3628 | D:3      | Reached XP level 6. HP: 30/50 MP: 13/13
  3896 | D:3      | Noticed Sigmund
  4135 | D:3      | Reached skill level 5 in Fighting
  4135 | D:3      | Reached skill level 5 in Polearms
  4135 | D:3      | Reached skill level 5 in Dodging
  4264 | D:3      | Found a hide-covered altar of Uskayaw.
  4307 | D:3      | Found a one-way gate to the infinite horrors of the Abyss.
  4571 | D:3      | Killed Sigmund
  4572 | D:3      | Reached XP level 7. HP: 46/56 MP: 15/15
  4640 | D:3      | Noticed Miritol's ghost (amateur KoBr)
  5177 | D:4      | Found a shimmering blue altar of Sif Muna.
  5276 | D:4      | Found a blossoming altar of Fedhas.
  5574 | D:5      | Entered Level 5 of the Dungeon
  5649 | D:5      | Found a sand-covered staircase.
  5667 | Ossuary  | Entered an ossuary
  5831 | Ossuary  | Reached XP level 8. HP: 51/63 MP: 16/16
  6380 | D:5      | Found an opulent altar of Gozag.
  6466 | D:5      | Noticed Edmund
  6472 | D:5      | Found a staircase to the Ecumenical Temple.
  6494 | Temple   | Entered the Ecumenical Temple
  6813 | Temple   | Became a worshipper of Warmaster Okawaru
  7955 | D:5      | Killed Edmund
  8257 | D:6      | Reached XP level 9. HP: 53/69 MP: 18/18
  8894 | D:6      | Slain by an ogre

Illustrated notes

Levels and vault maps discovered:
D:1:      scummos_arrival_forest, layout_basic, serial_forest,
          infiniplex_forest_straight_3, infiniplex_forest_end_1,
          infiniplex_forest_lined_2, infiniplex_forest_pool,
          infiniplex_forest_lined_ring, shapermc_ecumenical_altar_acropolis,
          serial_shops, shop, hangedman_abyss_or_decor_lesser_grid
D:2:      minmay_kobold_bridge, layout_rooms, serial_bayou_lagoon_a,
          minmay_misc_feat_more_columns, uniq_natasha
D:3:      layout_loops_corners, mainiacjoe_overflow_alcove_4, vehumet_crystals,
          gammafunk_ghost_abyssal_escape, uniq_sigmund
D:4:      layout_rooms, mainiacjoe_overflow_swirl
D:5:      layout_loops_ring, kennysheep_mini_moat,
          minmay_temple_entry_stoned_glass, gup_ossuary_entry_pyramid,
          grunt_decor_cap, chequers_serial_rivers_small_3, uniq_edmund
D:6:      layout_rooms, nzn_hepliaklqana_mist_gate, grunt_ministairs_2,
          minivault_1
Temple:   regret_index_temple_generic_petals

Skill      XL: |  1  2  3  4  5  6  7  8  9 |
---------------+----------------------------+-----
Spellcasting   | 5 6 |  6.4
Invocations    | 1 2 3 4 |  4.4
Short Blades   | 1 2 3 4 |  4.0
Long Blades    | 1 2 3 4 |  4.0
Axes           | 1 2 3 4 |  4.0
Maces & Flails | 1 2 3 4 |  4.0
Staves         | 1 2 3 4 |  4.0
Slings         | 1 2 3 4 |  4.0
Bows           | 1 2 3 4 |  4.0
Crossbows      | 1 2 3 4 |  4.0
Stealth        | 1 2 3 4 |  4.0
Shields        | 1 2 3 4 |  4.0
Unarmed Combat | 1 2 3 4 |  4.0
Evocations     | 1 2 3 4 |  4.0
Conjurations   | 1 2 3 |  3.2
Hexes          | 1 2 3 |  3.2
Summonings     | 1 2 3 |  3.2
Necromancy     | 1 2 3 |  3.2
Transmutations | 1 2 3 |  3.2
Fire Magic     | 1 2 3 |  3.2
Ice Magic      | 1 2 3 |  3.2
Air Magic      | 1 2 3 |  3.2
Earth Magic    | 1 2 3 |  3.2
Poison Magic   | 1 2 3 |  3.2
Throwing       | 3 4 |  4.8
Armour         | 3 4 |  4.8
Fighting       | 5 6 |  6.1
Polearms       | 5 6 |  6.1
Dodging        | 5 6 |  6.1
Translocations | 6 |  6.4

Action                   |  1- 3 |  4- 6 |  7- 9 || total
-------------------------+-------+-------+-------++-------
Melee: Spear             |   154 |   164 |       ||   318
       Bite              |    10 |    12 |    34 ||    56
       Punch             |     2 |     2 |    19 ||    23
       Whip              |       |    10 |   356 ||   366
Throw: Dart              |       |     2 |       ||     2
Evoke: Wand              |       |     2 |       ||     2
  Use: Scroll            |       |       |     1 ||     1
 Stab: Sleeping          |     1 |     3 |     2 ||     6
       Distracted        |       |       |     2 ||     2
Armor: Leather armour    |    18 |    24 |    61 ||   103
Dodge: Dodged            |    46 |    79 |   184 ||   309
